[Event "FIDE WYCC Girls U18 2023"]
[Site "Montesilvano"]
[Date "2023.11.13"]
[Round "1.22"]
[White "Skarbarchuk, Tetyana"]
[Black "Saraci, Rinesa"]
[Result "1-0"]
[ECO "E15"]
[WhiteElo "2010"]
[BlackElo "1481"]
[Annotator "NA"]
[PlyCount "97"]
[EventDate "2023.11.13"]
[EventType "swiss"]
[EventCountry "ITA"]
[SourceTitle "playchess.com"]
[Source "ChessBase"]
[SourceQuality "1"]
[TimeControl "40/5400+30:1800+30"]

1. d4 Nf6 2. c4 e6 3. Nf3 b6 4. g3 Bb7 5. Bg2 d5 6. cxd5 Nxd5 7. O-O Be7 8. Re1 O-O 9. e4 Nf6 10. Nc3 Nbd7 11. Bf4 Bb4 12. Nd2 h6 13. a3 Bxc3 14. bxc3 c5 15. Nc4 Ne8 16. Rc1 b5 17. Nd6 Nxd6 18. Bxd6 Re8 19. dxc5 Rc8 20. c4 bxc4 21. Rxc4 Qa5 22. Ra4 Qb5 23. Rxa7 Nxc5 24. Bxc5 Rxc5 25. Qb1 Rb8 26. Qxb5 Rxb5 27. Rc1 Ba8 28. Bf1 Rb3 29. Bg2 Rb1 30. Rac7 Rxc1+ 31. Rxc1 Kf8 32. h3 f5 33. exf5 Bxg2 34. Kxg2 exf5 35. a4 Kf7 36. a5 Ra8 37. Rc5 g6 38. Kf3 Ra6 39. Ke3 Re6+ 40. Kd3 Re1 41. Kc4 Ra1 42. Kb5 Rb1+ 43. Kc6 Ra1 44. Kb6 Rb1+ 45. Rb5 Re1 46. a6 Re6+ 47. Ka5 Re8 48. a7 Re2 49. Ka6 1-0

[Event "FIDE WYCC Girls U18 2023"]
[Site "Montesilvano"]
[Date "2023.11.13"]
[Round "1.23"]
[White "Sele, Timea"]
[Black "Matute Escobar, Roxanny"]
[Result "0-1"]
[ECO "E71"]
[WhiteElo "1456"]
[BlackElo "1995"]
[Annotator "NA"]
[PlyCount "80"]
[EventDate "2023.11.13"]
[EventType "swiss"]
[EventCountry "ITA"]
[SourceTitle "playchess.com"]
[Source "ChessBase"]
[SourceQuality "1"]
[TimeControl "40/5400+30:1800+30"]

1. d4 Nf6 2. c4 g6 3. Nc3 Bg7 4. e4 d6 5. h3 O-O 6. Be3 e5 7. d5 a5 8. Bd3 Na6 9. Nge2 Nd7 10. g4 Ndc5 11. Bc2 Nb4 12. Bb1 a4 13. Ng3 a3 14. b3 c6 15. O-O cxd5 16. cxd5 Qh4 17. Kg2 b6 18. Nb5 h5 19. Rh1 hxg4 20. hxg4 Qe7 21. Qd2 Nca6 22. Bh6 f6 23. Bd3 Nxd3 24. Qxd3 Bxg4 25. Qe3 f5 26. exf5 gxf5 27. Bxg7 Qxg7 28. Qh6 e4 29. Qxg7+ Kxg7 30. Nd4 Kf6 31. Rh6+ Ke5 32. Nb5 Bf3+ 33. Kg1 Rh8 34. Re6+ Kxd5 35. Rxd6+ Kc5 36. Rf6 Kxb5 37. Rxf5+ Kb4 38. Rc1 Rac8 39. Re1 Rcg8 40. Re3 Rh1# 0-1

[Event "FIDE WYCC Girls U18 2023"]
[Site "Montesilvano"]
[Date "2023.11.13"]
[Round "1.24"]
[White "Nguyen Hong Nhung"]
[Black "Galli, Maria Vittoria"]
[Result "1-0"]
[ECO "C45"]
[WhiteElo "1975"]
[BlackElo "1452"]
[Annotator "NA RC"]
[PlyCount "43"]
[EventDate "2023.11.13"]
[EventType "swiss"]
[EventCountry "ITA"]
[SourceTitle "playchess.com"]
[Source "ChessBase"]
[SourceQuality "1"]
[TimeControl "40/5400+30:1800+30"]

1. e4 e5 2. Nf3 Nc6 3. d4 exd4 4. Nxd4 Bc5 5. Be3 Qf6 6. c3 Nge7 7. Bc4 d6 8. O-O O-O 9. Nxc6 Nxc6 10. Bxc5 dxc5 11. f4 Be6 12. Na3 Bxc4 13. Nxc4 b5 14. Ne3 Qd6 15. Qf3 Rad8 16. Rad1 Qe6 17. Nd5 a6 18. Qe3 Ne7 19. f5 Nxd5 20. fxe6 Nxe3 21. exf7+ Kh8 22. Rxd8 1-0

[Event "FIDE WYCC Girls U18 2023"]
[Site "Montesilvano"]
[Date "2023.11.13"]
[Round "1.25"]
[White "Monteiro, Helen Ramazzotte"]
[Black "Barwinska, Ewa"]
[Result "0-1"]
[ECO "A21"]
[WhiteElo "1447"]
[BlackElo "1974"]
[Annotator "NA"]
[PlyCount "68"]
[EventDate "2023.11.13"]
[EventType "swiss"]
[EventCountry "ITA"]
[SourceTitle "playchess.com"]
[Source "ChessBase"]
[SourceQuality "1"]
[TimeControl "40/5400+30:1800+30"]

1. c4 e5 2. Nc3 Bb4 3. g3 Bxc3 4. bxc3 Nc6 5. Bg2 d6 6. d4 Bd7 7. Nf3 f5 8. O-O e4 9. Nd2 Nf6 10. a4 O-O 11. a5 b6 12. Nb3 Qe7 13. Qc2 Qf7 14. c5 Be6 15. Rb1 Bxb3 16. Rxb3 Nxa5 17. Rb4 d5 18. Rd1 Nc4 19. Bf1 a5 20. Rb1 bxc5 21. dxc5 Qe7 22. c6 Qc5 23. Qa4 Ra6 24. Ra1 Qxc6 25. Qxc6 Rxc6 26. Bg5 Nb6 27. Rxa5 Rxc3 28. e3 Ng4 29. h3 Ne5 30. Bf4 Nf3+ 31. Kg2 g5 32. Bxc7 Rxc7 33. Rb5 Rf6 34. Rdb1 Rcc6 0-1

[Event "FIDE WYCC Girls U18 2023"]
[Site "Montesilvano"]
[Date "2023.11.13"]
[Round "1.26"]
[White "Blanquet, Camille"]
[Black "Stagno, Milena"]
[Result "1-0"]
[ECO "E07"]
[WhiteElo "1953"]
[BlackElo "1444"]
[Annotator "NA"]
[PlyCount "59"]
[EventDate "2023.11.13"]
[EventType "swiss"]
[EventCountry "ITA"]
[SourceTitle "playchess.com"]
[Source "ChessBase"]
[SourceQuality "1"]
[TimeControl "40/5400+30:1800+30"]

1. d4 d5 2. c4 c6 3. Nf3 Nf6 4. Nc3 e6 5. g3 Be7 6. Bg2 Nbd7 7. O-O O-O 8. Qd3 Re8 9. Bf4 Nh5 10. Be5 f6 11. Bf4 Nxf4 12. gxf4 Bd6 13. e3 e5 14. cxd5 cxd5 15. dxe5 fxe5 16. Qxd5+ Kh8 17. Qxd6 exf4 18. exf4 Qa5 19. Rfe1 Rd8 20. Rad1 Rg8 21. Rd5 Qb6 22. Ne5 Nxe5 23. fxe5 Qxb2 24. Ne4 Bf5 25. Ng5 Bg6 26. Rd2 Qc3 27. Re3 Qa1+ 28. Rd1 Qxa2 29. Qxg6 hxg6 30. Rh3# 1-0

[Event "FIDE WYCC Girls U18 2023"]
[Site "Montesilvano"]
[Date "2023.11.13"]
[Round "1.27"]
[White "Serina Arafat"]
[Black "Follana Albelda, Lucia"]
[Result "0-1"]
[ECO "A45"]
[WhiteElo "1413"]
[BlackElo "1946"]
[Annotator "NA"]
[PlyCount "94"]
[EventDate "2023.11.13"]
[EventType "swiss"]
[EventCountry "ITA"]
[SourceTitle "playchess.com"]
[Source "ChessBase"]
[SourceQuality "1"]
[TimeControl "40/5400+30:1800+30"]

1. d4 Nf6 2. e3 e6 3. Bd3 b6 4. Nf3 Bb7 5. Nbd2 g6 6. O-O Bg7 7. b3 O-O 8. Bb2 d6 9. Re1 Nfd7 10. a3 Qe7 11. e4 e5 12. d5 f5 13. c4 f4 14. h3 Rf7 15. b4 Bc8 16. Be2 Bf8 17. Nh2 Nf6 18. Ng4 Nbd7 19. Rc1 h5 20. Nh2 Rg7 21. Rc3 Qf7 22. g4 fxg3 23. fxg3 Nh7 24. Rf1 Ndf6 25. Rcf3 Bxh3 26. R1f2 Bd7 27. Qf1 Be7 28. Bc1 g5 29. Nb1 Qg6 30. Nc3 g4 31. Re3 Ng5 32. Kh1 Rf8 33. Bd3 Nh3 34. Rfe2 Nxd5 35. Qg2 Nxc3 36. Re1 Rf2 37. Qxf2 Nxf2+ 38. Kg1 Nfd1 39. Bd2 Bg5 40. Nf1 Nxe3 41. Nxe3 Na4 42. Rf1 h4 43. gxh4 Bf4 44. Rf2 g3 45. Rg2 Qh5 46. Nf5 Bxf5 47. exf5 Qd1+ 0-1

[Event "FIDE WYCC Girls U18 2023"]
[Site "Montesilvano"]
[Date "2023.11.13"]
[Round "1.28"]
[White "Wan, Qian"]
[Black "Darweeche, Roaa"]
[Result "1-0"]
[ECO "D02"]
[WhiteElo "1945"]
[BlackElo "1406"]
[Annotator "NA"]
[PlyCount "53"]
[EventDate "2023.11.13"]
[EventType "swiss"]
[EventCountry "ITA"]
[SourceTitle "playchess.com"]
[Source "ChessBase"]
[SourceQuality "1"]
[TimeControl "40/5400+30:1800+30"]

1. d4 d5 2. Bf4 Nf6 3. Nf3 Bg4 4. Ne5 Bh5 5. c4 e6 6. Nc3 c6 7. Qb3 Qb6 8. c5 Qxb3 9. axb3 Nbd7 10. Nd3 Bg6 11. e3 Nh5 12. Bc7 Rc8 13. g4 Rxc7 14. gxh5 Bxh5 15. Rxa7 Be7 16. b4 Bf6 17. Ra8+ Bd8 18. b5 b6 19. bxc6 Rxc6 20. Nb4 Rc7 21. Nb5 Rxc5 22. dxc5 Nxc5 23. Nc6 Nb7 24. Rb8 Kd7 25. Ne5+ Ke8 26. Rxb7 f6 27. Nc6 1-0

[Event "FIDE WYCC Girls U18 2023"]
[Site "Montesilvano"]
[Date "2023.11.13"]
[Round "1.29"]
[White "Mohd Azman, Farihah Nur Aisyah"]
[Black "Sipos, Stefania"]
[Result "0-1"]
[ECO "A48"]
[WhiteElo "1379"]
[BlackElo "1932"]
[Annotator "ChessBase"]
[PlyCount "172"]
[EventDate "2023.11.13"]
[EventType "swiss"]
[EventCountry "ITA"]
[SourceTitle "playchess.com"]
[Source "ChessBase"]
[SourceQuality "1"]
[TimeControl "40/5400+30:1800+30"]

1. d4 Nf6 2. Nf3 g6 3. Bf4 Bg7 4. e3 O-O 5. Nbd2 d6 6. h3 c5 7. c3 Nc6 8. Be2 Re8 9. Nb3 b6 10. d5 Nb8 11. g4 Bb7 12. c4 e6 13. dxe6 Rxe6 14. O-O Ne8 15. Qd2 Nc6 16. Rad1 Ne5 17. Ng5 Re7 18. Bxe5 Bxe5 19. Bf3 Bxf3 20. Nxf3 Bg7 21. Nc1 Rd7 22. Nd3 Qf6 23. Kg2 Rad8 24. g5 Qe7 25. Nf4 Nc7 26. Qc2 d5 27. cxd5 Nxd5 28. Nxd5 Rxd5 29. h4 Rxd1 30. Rxd1 Rxd1 31. Qxd1 Bxb2 32. Qe2 Bg7 33. Qa6 Qc7 34. Qc4 Qc6 35. Qf4 c4 36. Qb8+ Bf8 37. Kg3 c3 38. Nd4 Qd6+ 39. Qxd6 Bxd6+ 40. Kf3 b5 41. Ke2 b4 42. Kd3 Be5 43. Nc6 Bd6 44. Nxa7 Kf8 45. Nc6 Bc5 46. Ne5 Ke7 47. Nf3 Ke6 48. Ne1 Kd5 49. Nc2 Bd6 50. f4 Be7 51. Ne1 Kc5 52. Nc2 Kb5 53. e4 Bd6 54. f5 Bg3 55. fxg6 hxg6 56. Kd4 Bxh4 57. Kd5 Bxg5 58. e5 Bf4 59. Ke4 g5 60. Kd5 Ka4 61. Kc4 Bxe5 62. Nxb4 Ka3 63. Nd3 Bf6 64. Ne1 Kxa2 65. Nc2 Kb2 66. Kd3 Be5 67. Ne3 Bg7 68. Nd1+ Kc1 69. Nxc3 Bxc3 70. Kxc3 f6 71. Kd3 Kb2 72. Ke4 Kc3 73. Kf3 Kd3 74. Kf2 Ke4 75. Ke2 Kf4 76. Kf2 f5 77. Kf1 Kf3 78. Kg1 Ke2 79. Kg2 f4 80. Kg1 f3 81. Kh2 f2 82. Kg3 f1=Q 83. Kg4 Qf4+ 84. Kh3 Qh4+ 85. Kg2 Qg4+ 86. Kh2 Kf2 0-1

[Event "FIDE WYCC Girls U18 2023"]
[Site "Montesilvano"]
[Date "2023.11.13"]
[Round "1.30"]
[White "Groeschel, Karoline"]
[Black "Latifah, Darmaki"]
[Result "0-1"]
[ECO "C88"]
[WhiteElo "1924"]
[BlackElo "1367"]
[Annotator "NA"]
[PlyCount "134"]
[EventDate "2023.11.13"]
[EventType "swiss"]
[EventCountry "ITA"]
[SourceTitle "playchess.com"]
[Source "ChessBase"]
[SourceQuality "1"]
[TimeControl "40/5400+30:1800+30"]

1. e4 e5 2. Nf3 Nc6 3. Bb5 a6 4. Ba4 Nf6 5. O-O Be7 6. Re1 b5 7. Bb3 d6 8. c3 Na5 9. Bc2 c5 10. d4 Qc7 11. d5 O-O 12. h3 c4 13. b4 Nb7 14. a4 Bd7 15. Be3 bxa4 16. Na3 a5 17. b5 Nc5 18. Bxc5 Qxc5 19. Bxa4 Rfc8 20. Nd2 Be8 21. Ndxc4 Nd7 22. Qd3 Bd8 23. Qe3 Bb6 24. Qe2 Qc7 25. Nxb6 Nxb6 26. Nb1 Nc4 27. Rc1 Qc5 28. Ra2 Bxb5 29. Bxb5 Qxb5 30. Nd2 Qc5 31. Nb3 Qb6 32. Nd2 Qc5 33. Ra4 Nb6 34. Nb3 Qc7 35. Rxa5 Rxa5 36. Nxa5 Nxd5 37. exd5 Qxa5 38. c4 Rb8 39. c5 Qa3 40. Qc2 Rb2 41. cxd6 Rxc2 42. Rxc2 Qxd6 43. Rc8+ Qf8 44. Rxf8+ Kxf8 45. f4 f6 46. fxe5 fxe5 47. Kf2 Ke7 48. Ke3 Kd6 49. Ke4 g5 50. g3 h5 51. g4 h4 52. Kf5 Kxd5 53. Kxg5 e4 54. Kxh4 e3 55. Kg3 Ke4 56. Kg2 Kd3 57. Kf1 Kd2 58. g5 e2+ 59. Kg2 e1=Q 60. Kf3 Qh4 61. g6 Qf6+ 62. Kg3 Qxg6+ 63. Kh4 Qf6+ 64. Kg4 Ke3 65. h4 Qg6+ 66. Kh3 Kf3 67. h5 Qg3# 0-1

[Event "FIDE WYCC Girls U18 2023"]
[Site "Montesilvano"]
[Date "2023.11.13"]
[Round "1.31"]
[White "Ham Corona, Ana Paola"]
[Black "Petricenco, Ana"]
[Result "0-1"]
[ECO "B23"]
[WhiteElo "1318"]
[BlackElo "1902"]
[Annotator "NA"]
[PlyCount "74"]
[EventDate "2023.11.13"]
[EventType "swiss"]
[EventCountry "ITA"]
[SourceTitle "playchess.com"]
[Source "ChessBase"]
[SourceQuality "1"]
[TimeControl "40/5400+30:1800+30"]

1. e4 c5 2. Nc3 Nc6 3. f4 g6 4. Bc4 Bg7 5. Nf3 d6 6. O-O e6 7. d3 Nge7 8. Qe1 O-O 9. f5 exf5 10. Qh4 a6 11. a4 Qe8 12. Bh6 Ne5 13. Ba2 Bxh6 14. Qxh6 Ng4 15. Qh4 Kg7 16. Rae1 Ne5 17. Nxe5 dxe5 18. Rf3 Bd7 19. Rh3 h5 20. Qg3 f4 21. Qg5 Bxh3 22. gxh3 f6 23. Qg2 b5 24. axb5 axb5 25. Bd5 Nxd5 26. Nxd5 Ra2 27. b3 Qf7 28. Kh1 Rfa8 29. Rg1 Ra1 30. h4 R8a2 31. Nb6 Rxg1+ 32. Kxg1 Qa7 33. Nd5 c4+ 34. Kf1 cxd3 35. Ke1 dxc2 36. Qd2 c1=Q+ 37. Qxc1 Qg1# 0-1

[Event "FIDE WYCC Girls U18 2023"]
[Site "Montesilvano"]
[Date "2023.11.13"]
[Round "1.32"]
[White "Wisniowski, Natalie"]
[Black "Gavrileva, Anna"]
[Result "1-0"]
[ECO "D31"]
[WhiteElo "1901"]
[BlackElo "1316"]
[Annotator "NA"]
[PlyCount "59"]
[EventDate "2023.11.13"]
[EventType "swiss"]
[EventCountry "ITA"]
[SourceTitle "playchess.com"]
[Source "ChessBase"]
[SourceQuality "1"]
[TimeControl "40/5400+30:1800+30"]

1. d4 d5 2. c4 e6 3. Nc3 c6 4. e4 Bb4 5. cxd5 exd5 6. e5 Bf5 7. Bd3 Bxd3 8. Qxd3 Ne7 9. Nf3 h6 10. O-O Nd7 11. Nh4 O-O 12. a3 Ba5 13. b4 Bc7 14. f4 f5 15. Be3 Nb6 16. Bf2 Qd7 17. Kh1 Rae8 18. Rae1 Qe6 19. Qc2 Nc4 20. a4 b6 21. b5 Rc8 22. Qe2 Bd8 23. Rc1 cxb5 24. axb5 Re8 25. Rfe1 Ng6 26. Nxg6 Qxg6 27. Nxd5 Nd6 28. Qa2 Qf7 29. exd6 Rxe1+ 30. Rxe1 1-0

[Event "FIDE WYCC Girls U18 2023"]
[Site "Montesilvano"]
[Date "2023.11.13"]
[Round "1.33"]
[White "Yim, Jay"]
[Black "Nguyen, Thien Ngan"]
[Result "0-1"]
[ECO "C54"]
[WhiteElo "1310"]
[BlackElo "1891"]
[Annotator "NA"]
[PlyCount "68"]
[EventDate "2023.11.13"]
[EventType "swiss"]
[EventCountry "ITA"]
[SourceTitle "playchess.com"]
[Source "ChessBase"]
[SourceQuality "1"]
[TimeControl "40/5400+30:1800+30"]

1. e4 e5 2. Nf3 Nc6 3. Bc4 Bc5 4. c3 Nf6 5. d4 exd4 6. b4 Be7 7. b5 Na5 8. Qxd4 Nxc4 9. Qxc4 d5 10. exd5 Qxd5 11. Qxd5 Nxd5 12. a4 a6 13. c4 Nb6 14. Nbd2 axb5 15. cxb5 Rxa4 16. Rxa4 Nxa4 17. Nb3 Bd7 18. Bf4 Bb4+ 19. Nfd2 O-O 20. Kd1 Nc3+ 21. Kc2 Bf5+ 22. Kb2 Na4+ 23. Kc1 Ba3+ 24. Kd1 Nc3+ 25. Ke1 Nxb5 26. f3 Re8+ 27. Kf2 Bd3 28. Kg3 b6 29. Ra1 c5 30. Nb1 Bxb1 31. Rxb1 Nc3 32. Ra1 Bb2 33. Ra6 Ne2+ 34. Kg4 f5+ 0-1

[Event "FIDE WYCC Girls U18 2023"]
[Site "Montesilvano"]
[Date "2023.11.13"]
[Round "1.34"]
[White "Katter, Katharina"]
[Black "Lunar Villaman, Sofia"]
[Result "1-0"]
[ECO "A49"]
[WhiteElo "1887"]
[BlackElo "1305"]
[Annotator "NA"]
[PlyCount "39"]
[EventDate "2023.11.13"]
[EventType "swiss"]
[EventCountry "ITA"]
[SourceTitle "playchess.com"]
[Source "ChessBase"]
[SourceQuality "1"]
[TimeControl "40/5400+30:1800+30"]

1. d4 Nf6 2. Nf3 g6 3. g3 Bg7 4. Bg2 d6 5. O-O O-O 6. Nc3 Nbd7 7. a4 a6 8. a5 Re8 9. h3 e5 10. e4 h6 11. Re1 Rb8 12. Be3 Qe7 13. Qd2 Kh7 14. Nh2 exd4 15. Bxd4 c5 16. Be3 Ne5 17. b3 Nc6 18. Rad1 Rd8 19. Nd5 Be6 20. Nxe7 1-0

[Event "FIDE WYCC Girls U18 2023"]
[Site "Montesilvano"]
[Date "2023.11.13"]
[Round "1.35"]
[White "Lu, Yun-Ru"]
[Black "Luong, Hoang Tu Linh"]
[Result "0-1"]
[ECO "B20"]
[WhiteElo "1284"]
[BlackElo "1887"]
[Annotator "NA"]
[PlyCount "70"]
[EventDate "2023.11.13"]
[EventType "swiss"]
[EventCountry "ITA"]
[SourceTitle "playchess.com"]
[Source "ChessBase"]
[SourceQuality "1"]
[TimeControl "40/5400+30:1800+30"]

1. e4 c5 2. Bc4 d6 3. Nc3 a6 4. a4 Nf6 5. Nf3 Nc6 6. d3 e6 7. Bg5 Be7 8. O-O O-O 9. Rb1 Qc7 10. h3 Rd8 11. Re1 Rb8 12. Re3 Nd4 13. Qc1 b5 14. axb5 axb5 15. Nxd4 cxd4 16. Nxb5 Rxb5 17. Bxb5 dxe3 18. fxe3 Qc5 19. Bxf6 Bxf6 20. Ba4 Qb4 21. Bb3 Bb7 22. Qf1 h6 23. Qf4 Bg5 24. Qf2 Qb6 25. d4 Bxe4 26. Rf1 Qb7 27. h4 Bf6 28. Qg3 Qe7 29. Rf4 d5 30. Qe1 e5 31. dxe5 Bxe5 32. Rg4 Bxb2 33. c3 Rc8 34. Qd1 Rxc3 35. Qd2 Rxb3 0-1

[Event "FIDE WYCC Girls U18 2023"]
[Site "Montesilvano"]
[Date "2023.11.14"]
[Round "2.1"]
[White "Starosta, Martyna"]
[Black "Wisniowski, Natalie"]
[Result "1-0"]
[ECO "B23"]
[WhiteElo "2208"]
[BlackElo "1901"]
[Annotator "ChessBase"]
[PlyCount "49"]
[EventDate "2023.11.13"]
[EventType "swiss"]
[EventCountry "ITA"]
[SourceTitle "playchess.com"]
[Source "ChessBase"]
[SourceQuality "1"]
[TimeControl "40/5400+30:1800+30"]

1. e4 c5 2. Nc3 a6 3. g3 b5 4. Bg2 Bb7 5. Nge2 e6 6. d4 cxd4 7. Nxd4 Nc6 8. O-O Nge7 9. Nb3 d6 10. f4 g6 11. f5 gxf5 12. Qh5 Qb6+ 13. Kh1 Ne5 14. Bf4 Bg7 15. Rae1 a5 16. Be3 Qa6 17. Nd4 b4 18. Nxe6 Qc6 19. Nxg7+ Kf8 20. Nd5 Nxd5 21. exd5 Qxc2 22. Nxf5 Qc7 23. Qh6+ Ke8 24. Nxd6+ Kd8 25. Qf6+ 1-0

[Event "FIDE WYCC Girls U18 2023"]
[Site "Montesilvano"]
[Date "2023.11.14"]
[Round "2.2"]
[White "Barwinska, Ewa"]
[Black "Balabayeva, Xeniya"]
[Result "0-1"]
[ECO "B10"]
[WhiteElo "1974"]
[BlackElo "2192"]
[Annotator "ChessBase"]
[PlyCount "98"]
[EventDate "2023.11.13"]
[EventType "swiss"]
[EventCountry "ITA"]
[SourceTitle "playchess.com"]
[Source "ChessBase"]
[SourceQuality "1"]
[TimeControl "40/5400+30:1800+30"]

1. e4 c6 2. Nf3 d5 3. d3 g6 4. e5 Bg7 5. Bf4 Qb6 6. Qc1 Bg4 7. Nbd2 c5 8. Be2 Nc6 9. h3 Bxf3 10. Nxf3 e6 11. O-O Nge7 12. Re1 O-O 13. c3 Rae8 14. Bd1 Kh8 15. Bg5 Ng8 16. Ba4 Qa6 17. Bxc6 Qxc6 18. d4 c4 19. Qf4 Qc7 20. Qh4 f6 21. exf6 Bxf6 22. Bxf6+ Rxf6 23. Re5 Kg7 24. Rae1 Qd7 25. Qg5 Ne7 26. Nh2 h6 27. Qd2 g5 28. h4 gxh4 29. Rh5 Qd6 30. Rxh4 Rg6 31. Rg4 Rf8 32. Qe2 Rff6 33. Rxg6+ Nxg6 34. Ng4 Nf4 35. Qf3 Rg6 36. Re5 Nd3 37. Re2 Qf4 38. Ne5 Qxf3 39. Nxf3 Nf4 40. Re5 Rxg2+ 41. Kf1 Kf6 42. b3 b5 43. b4 Rg4 44. Ne1 h5 45. Nc2 h4 46. Ne3 Rg8 47. f3 h3 48. Ng4+ Rxg4 49. fxg4 h2 0-1

[Event "FIDE WYCC Girls U18 2023"]
[Site "Montesilvano"]
[Date "2023.11.14"]
[Round "2.3"]
[White "Allahverdiyeva, Ayan"]
[Black "Katter, Katharina"]
[Result "1-0"]
[ECO "B90"]
[WhiteElo "2152"]
[BlackElo "1887"]
[Annotator "ChessBase"]
[PlyCount "83"]
[EventDate "2023.11.13"]
[EventType "swiss"]
[EventCountry "ITA"]
[SourceTitle "playchess.com"]
[Source "ChessBase"]
[SourceQuality "1"]
[TimeControl "40/5400+30:1800+30"]

1. e4 c5 2. Nf3 d6 3. d4 cxd4 4. Nxd4 Nf6 5. Nc3 a6 6. Be3 e5 7. Nb3 Be7 8. f3 Be6 9. Qd2 h5 10. Be2 Nbd7 11. Nd5 Bxd5 12. exd5 Qc7 13. Na5 Bd8 14. b4 e4 15. O-O O-O 16. fxe4 Nxe4 17. Qd3 Nef6 18. c4 Ne5 19. Qd2 Qd7 20. Nb3 Rc8 21. Rac1 Re8 22. Bd3 Nxd3 23. Qxd3 Ng4 24. Bf4 Ne5 25. Bxe5 Rxe5 26. Nd4 Bb6 27. Kh1 Bxd4 28. Qxd4 Rce8 29. h3 Re4 30. Qf2 Qe7 31. c5 f6 32. c6 bxc6 33. dxc6 Qc7 34. Qd2 R8e5 35. a3 Re3 36. a4 Ra3 37. Rfd1 d5 38. b5 axb5 39. axb5 Ree3 40. Qxd5+ Kh7 41. Qxh5+ Kg8 42. Rd7 1-0

[Event "FIDE WYCC Girls U18 2023"]
[Site "Montesilvano"]
[Date "2023.11.14"]
[Round "2.4"]
[White "Follana Albelda, Lucia"]
[Black "Zhurova, Anna"]
[Result "0-1"]
[ECO "C11"]
[WhiteElo "1946"]
[BlackElo "2149"]
[Annotator "NA"]
[PlyCount "74"]
[EventDate "2023.11.13"]
[EventType "swiss"]
[EventCountry "ITA"]
[SourceTitle "playchess.com"]
[Source "ChessBase"]
[SourceQuality "1"]
[TimeControl "40/5400+30:1800+30"]

1. e4 e6 2. d4 d5 3. Nc3 Nf6 4. Bg5 dxe4 5. Nxe4 Be7 6. Bxf6 gxf6 7. Nf3 b6 8. Qd2 Bb7 9. Nc3 c6 10. O-O-O Nd7 11. Bd3 Qc7 12. Qe2 O-O-O 13. Ba6 Bxa6 14. Qxa6+ Kb8 15. Qe2 Bd6 16. g3 f5 17. Ng5 Nf6 18. f4 h5 19. Qf3 Rd7 20. Kb1 Rhd8 21. Ne2 Bf8 22. Qb3 Bh6 23. Nf3 Ne4 24. Rhf1 Bg7 25. c3 Bf6 26. Ne5 Bxe5 27. fxe5 c5 28. Qc2 Qb7 29. Rf4 cxd4 30. Nxd4 Rd5 31. Rh4 Ka8 32. Rxh5 Rxe5 33. Nxe6 Nd2+ 34. Kc1 fxe6 35. c4 Re2 36. b4 Qf3 37. Rh7 Qa3+ 0-1

[Event "FIDE WYCC Girls U18 2023"]
[Site "Montesilvano"]
[Date "2023.11.14"]
[Round "2.5"]
[White "Sipos, Stefania"]
[Black "Mungunzul, Bat-Erdene"]
[Result "0-1"]
[ECO "C70"]
[WhiteElo "1932"]
[BlackElo "2111"]
[Annotator "NA"]
[PlyCount "108"]
[EventDate "2023.11.13"]
[EventType "swiss"]
[EventCountry "ITA"]
[SourceTitle "playchess.com"]
[Source "ChessBase"]
[SourceQuality "1"]
[TimeControl "40/5400+30:1800+30"]

1. e4 e5 2. Nf3 Nc6 3. Bb5 a6 4. Ba4 b5 5. Bb3 Bc5 6. O-O Nf6 7. c3 d6 8. d4 Bb6 9. a4 Rb8 10. Na3 Bg4 11. axb5 axb5 12. Nxb5 O-O 13. Bc2 Bxf3 14. gxf3 Nh5 15. f4 Nxf4 16. Bxf4 exf4 17. Na3 Ne7 18. Nc4 Ng6 19. Qg4 d5 20. Ne5 dxe4 21. Nc6 Qd6 22. Nxb8 f5 23. Qg5 h6 24. Qh5 f3 25. Kh1 Nf4 26. Qh4 Rxb8 27. Ra6 c6 28. Rfa1 Bd8 29. Qg3 Rxb2 30. Ba4 Bb6 31. Bxc6 g5 32. Bb7 Qc7 33. Ra8+ Kg7 34. Bc8 Kf6 35. h4 Nd3 36. hxg5+ hxg5 37. Qxc7 Nxf2+ 38. Kg1 Nh3+ 39. Kf1 Bxc7 40. R8a6+ Bb6 41. R6a2 Rxa2 42. Rxa2 g4 43. Ra6 g3 44. Rxb6+ Kg5 45. Rb2 e3 46. Ba6 Nf4 47. Bb5 e2+ 48. Bxe2 g2+ 49. Kf2 Nh3+ 50. Kxf3 g1=Q 51. Bc4 Qd1+ 52. Kg3 f4+ 53. Kxh3 Qh1+ 54. Rh2 Qf3# 0-1

[Event "FIDE WYCC Girls U18 2023"]
[Site "Montesilvano"]
[Date "2023.11.14"]
[Round "2.6"]
[White "Mihelic, Vesna"]
[Black "Gasimova, Samra"]
[Result "1-0"]
[ECO "C01"]
[WhiteElo "2102"]
[BlackElo "1860"]
[Annotator "NA"]
[PlyCount "63"]
[EventDate "2023.11.13"]
[EventType "swiss"]
[EventCountry "ITA"]
[SourceTitle "playchess.com"]
[Source "ChessBase"]
[SourceQuality "1"]
[TimeControl "40/5400+30:1800+30"]

1. e4 e6 2. d4 d5 3. exd5 exd5 4. Nf3 Bd6 5. Bd3 Ne7 6. Nc3 c6 7. Ne2 Bf5 8. Bf4 O-O 9. O-O Qc7 10. Bxd6 Qxd6 11. Ng3 Bxd3 12. Qxd3 Nd7 13. Rae1 Ng6 14. Re3 Rfe8 15. Rfe1 Rxe3 16. Qxe3 Nf6 17. h4 Re8 18. Qxe8+ Nxe8 19. Rxe8+ Qf8 20. Rxf8+ Kxf8 21. Nf5 b6 22. Ne5 Nf4 23. Nxc6 a6 24. g3 Ne6 25. Nd6 g5 26. hxg5 Nxg5 27. Kg2 h5 28. c3 f5 29. Nxf5 Kf7 30. Nb4 a5 31. Nxd5 Ke6 32. Nfe3 1-0

[Event "FIDE WYCC Girls U18 2023"]
[Site "Montesilvano"]
[Date "2023.11.14"]
[Round "2.7"]
[White "Naymanova, Patricie"]
[Black "Shohradova, Lala"]
[Result "0-1"]
[ECO "E38"]
[WhiteElo "2083"]
[BlackElo "1846"]
[Annotator "NA"]
[PlyCount "66"]
[EventDate "2023.11.13"]
[EventType "swiss"]
[EventCountry "ITA"]
[SourceTitle "playchess.com"]
[Source "ChessBase"]
[SourceQuality "1"]
[TimeControl "40/5400+30:1800+30"]

1. d4 Nf6 2. c4 e6 3. Nc3 Bb4 4. Qc2 c5 5. dxc5 Na6 6. f3 Bxc5 7. a3 d5 8. Nh3 Bd7 9. Bg5 Be7 10. e3 Rc8 11. Rd1 dxc4 12. Rd4 e5 13. Rxc4 Nc7 14. Bxf6 gxf6 15. Ne4 b5 16. Rc3 f5 17. Ng3 b4 18. Rd3 Ne6 19. Qd2 Nc5 20. Rd5 bxa3 21. Bb5 Bxb5 22. Rxd8+ Bxd8 23. bxa3 Nd3+ 24. Ke2 Rg8 25. Rb1 Ba6 26. Kf1 Rg6 27. Nxf5 Nf4+ 28. Kg1 Nxh3+ 29. Kh1 Bd3 30. Rc1 Rxc1+ 31. Qxc1 Bxf5 32. g4 Rxg4 33. Qc6+ Bd7 0-1

[Event "FIDE WYCC Girls U18 2023"]
[Site "Montesilvano"]
[Date "2023.11.14"]
[Round "2.8"]
[White "Petricenco, Ana"]
[Black "Liu, Kelsey"]
[Result "1-0"]
[ECO "B12"]
[WhiteElo "1902"]
[BlackElo "2051"]
[Annotator "NA"]
[PlyCount "53"]
[EventDate "2023.11.13"]
[EventType "swiss"]
[EventCountry "ITA"]
[SourceTitle "playchess.com"]
[Source "ChessBase"]
[SourceQuality "1"]
[TimeControl "40/5400+30:1800+30"]

1. e4 c6 2. d4 d5 3. e5 Bf5 4. Nf3 e6 5. Be2 c5 6. c3 Nc6 7. O-O Nge7 8. a3 Bg4 9. Nbd2 Nf5 10. h3 Bxf3 11. Nxf3 cxd4 12. cxd4 Qb6 13. Kh1 Ncxd4 14. Nxd4 Qxd4 15. Bb5+ Kd8 16. Qe2 f6 17. exf6 Qxf6 18. Bg5 Qxg5 19. Qxe6 Qe7 20. Qxf5 a6 21. Rfe1 axb5 22. Rxe7 Bxe7 23. Qxd5+ Ke8 24. Qxb7 Kf7 25. Qd5+ Kf6 26. Re1 Rae8 27. Qe6+ 1-0